Cogmind - Beta 13 *** ADVENTURER MODE // 2024.05.15 @ 19:12:53 Player: OrcaCora Result: Destroyed by Y-45 Defender with Heavy Assault Rifle Performance ------------- Evolutions (2) 1000 Regions Visited (4) 800 Robots Destroyed (107) 535 Value Destroyed (3053) 3053 Prototype IDs (9) 180 Alien Tech Used (0) 0 Bonus (-37) -37 TOTAL SCORE: 5531 Bonus ------- Follower Combat Kills 62 Friendly Fire -99 Cogmind --------- Core Integrity 0/550 Matter 100/300 Energy 100/100 System Corruption 11% Temperature Cool (9) Movement Walking (270) Ox2 Location -8/Storage Parts ------- > --- POWER (1) -------- (None) > --- PROPULSION (3) --- Titanium Leg > --- UTILITY (5) ------ High-capacity Storage Unit > --- WEAPON (2) ------- (None) > --- INVENTORY (20) --- Improved Ion Engine Improved Ion Engine Improved Ion Engine Light Nuclear Core Improved Aluminum Leg Titanium Leg Titanium Leg Arc Projector Arc Projector Arc Projector Improved Medium Laser Subdweller Laser Advanced Beam Rifle Battle Rifle Subdweller Machine Gun Enhanced Autogun Mini Grenade Launcher Heavy Rocket Launcher Peak State ------------ > --- POWER ------------ Light Deuterium Engine > --- PROPULSION ------- Aluminum Leg Improved Aluminum Leg Carbon-fiber Leg > --- UTILITY ---------- Cooling System High-capacity Storage Unit Compact Battery Hardlight Generator Hacking Suite > --- WEAPON ----------- Heavy Particle Gun Makeshift Shrapnel Gun > --- INVENTORY -------- Improved Ion Engine Improved Ion Engine Improved Ion Engine Light Nuclear Core Light Nuclear Core Aluminum Leg Aluminum Leg Improved Heat Sink Arc Projector Arc Projector Arc Projector Arc Projector Improved Medium Laser Subdweller Laser Battle Rifle Subdweller Machine Gun Enhanced Autogun Enhanced Autogun Mini Grenade Launcher Heavy Rocket Launcher [Rating: 34] Favorites ----------- Power Improved Ion Engine Engine Improved Ion Engine Power Core Light Nuclear Core Propulsion Wheel Treads Light Treads Leg Aluminum Leg Wheel Wheel Utility Cooling System Device Cooling System Storage High-capacity Storage Unit Processor Targeting Computer Hackware Hacking Suite Protection Scrap Shield Weapon Mini Grenade Launcher Energy Gun Heavy Particle Gun Energy Cannon Advanced Beam Cannon Ballistic Gun Makeshift Shrapnel Gun Launcher Mini Grenade Launcher Special Weapon Multitool Build | -11 -10 -10 -8 -8 ------- Run | Yrd Mat Sub Mat Sto Slots Evolved 4 | . . . 4 . Power . | . . . . . Propulsion 1 | . . . 1 . Utility 3 | . . . 3 . Weapon . | . . . . . Parts Attached 83 | 10 17 11 26 19 Power 7 | 1 2 1 2 1 Engine 6 | 1 2 1 2 . Core 1 | . . . . 1 Reactor . | . . . . . Propulsion 22 | 4 3 . 9 6 Treads 2 | . . . 2 . Leg 13 | 2 . . 5 6 Wheel 7 | 2 3 . 2 . Hover . | . . . . . Flight . | . . . . . Utility 25 | 3 9 3 6 4 Device 13 | 2 5 1 3 2 Storage 6 | 1 2 1 1 1 Processor 2 | . 2 . . . Hackware 1 | . . . 1 . Protection 3 | . . 1 1 1 Artifact . | . . . . . Weapon 29 | 2 3 7 9 8 Energy Gun 10 | . 1 4 3 2 Energy Cannon 1 | . . . 1 . Ballistic Gun 13 | 2 1 1 4 5 Ballistic Cannon . | . . . . . Launcher 4 | . 1 1 1 1 Special Weapon 1 | . . 1 . . Impact Weapon . | . . . . . Slashing Weapon . | . . . . . Piercing Weapon . | . . . . . Special Melee Weapon . | . . . . . Unidentified Prototypes 5 | . . 1 3 1 Corrupted Parts 1 | . . . . 1 System Corruption 6 | . . . . 6 Parts Lost 24 | . 2 . 4 18 Power 2 | . . . . 2 Propulsion 7 | . . . 2 5 Utility 10 | . 1 . 2 7 Weapon 5 | . 1 . . 4 Highest Loss Streak 6 | . 2 . 1 6 To Critical Strikes 1 | . . . . 1 Average Slot Usage (%) 86 | . 98 82 84 81 Engine 9 | . 13 13 8 5 Leg 12 | . . . 21 21 Wheel 12 | . 28 26 2 . Device 11 | . 11 2 12 18 Storage 10 | . 11 1 13 11 Hackware 3 | . . . 6 2 Protection 3 | . . 10 2 . Energy Gun 8 | . 5 12 8 5 Energy Cannon 1 | . . . 1 5 Ballistic Gun 6 | . 10 . 6 6 Launcher 5 | . 11 13 . . Naked Turns . | . . . . . Heaviest Build 76 | 10 53 55 76 62 Greatest Support 42 | 20 20 20 38 42 Greatest Overweight (x) 17 | . 2 2 5 17 Average Overweight (x) . | . . . 1 1 Largest Inventory Capacity 20 | 5 20 20 20 20 Average Capacity 14 | 5 9 6 20 20 Most Carried 20 | 5 5 11 20 20 Average Carried 11 | . 4 3 16 18 Final Capacity 20 | 5 20 20 20 20 Final Carried 20 | 5 5 11 20 18 Class Distribution -------------------- 46% | Mutant 32% | Hacker-Mutant 20% | Scavenger-Mutant Dominant Class ---------------- Mutant | -10/Materials Mutant | -10/Subcaves Hacker-Mutant | -8/Materials Scavenger-Mutant | -8/Storage Resources | -11 -10 -10 -8 -8 ----------- Run | Yrd Mat Sub Mat Sto Matter Collected 2052 | 404 362 280 693 313 Remotely . | . . . . . Salvage Created 3628 | 103 449 278 1953 845 Parts 229 | 15 50 20 110 34 Haulers Intercepted 6 | . 1 . 4 1 Recyclers Shooed 4 | . 1 . 3 . Parts Field Recycled . | . . . . . Retrieved Matter . | . . . . . Parts Self-Destructed 2 | . . 2 . . Prevented . | . . . . . Kills | -11 -10 -10 -8 -8 ------- Run | Yrd Mat Sub Mat Sto Combat Hostiles Destroyed 69 | 1 9 9 33 17 Guns 45 | 1 5 2 25 12 Cannons 6 | . . . 3 3 AOE 18 | . 4 7 5 2 Classes Destroyed 17 | 3 5 2 4 3 Worker 11 | 1 5 . 4 1 Builder 5 | . 4 . . 1 Tunneler 3 | 3 . . . . Hauler 6 | . 1 . 4 1 Recycler 4 | . 1 . 2 1 Mechanic 1 | . . . . 1 Operator 2 | . . . 2 . Watcher 6 | . 3 . 2 1 Swarmer 12 | . 8 . 4 . Grunt 30 | 1 1 . 17 11 Brawler 1 | . . . . 1 Duelist 3 | . . . 1 2 Protector 1 | . . . . 1 Sentry 9 | . . . 8 1 Hunter 4 | . . . 3 1 Artisan 1 | . . 1 . . Subdweller 9 | . . 9 . . Best Kill Streak 10 | 5 10 5 7 7 Combat Bots Only 6 | 1 4 5 6 3 Max Kills in Single Turn 3 | 1 3 2 3 1 Gunslinging 1 | . 1 . . . Exploded 3 | . 3 2 3 1 Melee . | . . . . . Uniques/NPCs Destroyed . | . . . . . Combat | -11 -10 -10 -8 -8 -------- Run | Yrd Mat Sub Mat Sto Hostile Shots Fired 467 | 4 57 33 133 240 Missed 156 | 3 20 15 37 81 Damage Taken 3654 | 9 335 314 1104 1892 Core 696 | . 69 70 203 354 Absorbed by Shields 15 | . . . . 15 Ignored by Resistances 1054 | 3 105 87 314 545 Regen/Repaired (Parts) 43 | . . . 43 . Core Remaining (%) 72 | 100 . 44 . . Volleys Fired 270 | 9 45 25 122 69 Largest 2 | 2 2 2 2 2 Hottest 129 | 40 86 90 123 129 Shots Fired 488 | 18 66 40 239 125 Gun 400 | 18 58 19 218 87 Cannon 52 | . . . 20 32 Launcher 32 | . 8 17 1 6 Special 4 | . . 4 . . Kinetic 221 | 18 54 . 96 53 Thermal 180 | . 4 23 87 66 Explosive 32 | . 8 17 1 6 Electromagnetic 55 | . . . 55 . Robot Hit Streak 35 | 6 12 13 18 35 Robot Miss Streak 4 | 2 2 2 4 3 Penetration Max 1 | . . . . 1 Secondary Targets 2 | . 1 . 1 . Max Gunslinging Chain 1 | . 1 . 1 . Shots Hit Robots 357 | 12 45 20 179 101 Core Hits 203 | 5 22 21 98 57 Critical Kills 1 | . . . 1 . Critical Parts Destroyed . | . . . . . Critical Strikes 3 | . . . 1 2 Burn 2 | . . . . 2 Destroy 1 | . . . 1 . Melee Attacks . | . . . . . Impact . | . . . . . Slashing . | . . . . . Piercing . | . . . . . Sneak Attacks . | . . . . . Combat Hostiles . | . . . . . Follow-up Attacks . | . . . . . Damage Inflicted 8744 | 148 983 1391 3293 2929 Guns 5175 | 148 514 203 2700 1610 Cannons 809 | . . . 292 517 Explosions 2740 | . 469 1178 295 798 Melee . | . . . . . Ramming 10 | . . . 6 4 Kinetic 2931 | 148 481 . 1283 1019 Thermal 2700 | . 103 213 1276 1108 Explosive 2545 | . 399 1178 170 798 Electromagnetic 558 | . . . 558 . Impact . | . . . . . Slashing . | . . . . . Piercing . | . . . . . Highest Corruption 11 | . . . . 11 Average Corruption 10 | . . . . 10 Corruption Purged . | . . . . . Corruption Blocked . | . . . . . Effects 26 | . . . . 26 Message Errors 4 | . . . . 4 Matter Fused 8 | . . . . 8 Heat Flow Errors 3 | . . . . 3 Energy Discharges 2 | . . . . 2 Parts Fused 2 | . . . . 2 Data Loss (minor) 1 | . . . . 1 Data Loss (major) 2 | . . . . 2 Alerts 1 | . . . . 1 Weapon Failures 3 | . . . . 3 Overload Shots . | . . . . . Overflow Damage 142 | . 73 . 16 53 Projectiles 16 | . . . 16 . Explosions 126 | . 73 . . 53 Melee . | . . . . . Knockbacks . | . . . . . Impact . | . . . . . Kinetic . | . . . . . Secondary . | . . . . . Self-Inflicted Damage 181 | . 106 . 21 54 Shots 6 | . 3 . 1 2 Rammed 1 | . . . . 1 Targets Rammed 5 | . . . 2 3 Kicked 4 | . . . 2 2 Crushed . | . . . . . Highest Temperature 169 | . 6 6 21 169 Average Temperature 20 | . 3 6 7 27 Received Heat Transfer 1692 | 6 24 93 612 957 Siege Activations . | . . . . . Robots Corrupted . | . . . . . Combat Hostiles . | . . . . . Parts Fried 5 | . . . 5 . Impact Corruptions . | . . . . . Robots Melted . | . . . . . Combat Hostiles . | . . . . . Parts Melted 7 | . . . 3 4 Heat Transferred 4817 | . 124 299 2420 1974 Parts Sabotaged . | . . . . . Parts Stolen . | . . . . . Parts Stripped . | . . . . . Power Chain Reactions 3 | . . . 3 . Alert | -11 -10 -10 -8 -8 ------- Run | Yrd Mat Sub Mat Sto Peak Influence 341 | 40 341 . 335 293 Initial 45 | . 22 . . 45 Average 147 | 25 136 . 184 100 Maximum Alert Level 1 | . 1 . 1 1 Low Security (%) 65 | 100 67 . 50 93 Level 1 34 | . 32 . 49 6 Level 2 . | . . . . . Level 3 . | . . . . . Level 4 . | . . . . . Level 5 . | . . . . . High Security . | . . . . . Max Security . | . . . . . Squads Dispatched 12 | . . . 5 7 Investigation 4 | . . . 3 1 Extermination . | . . . . . Reinforcement 4 | . . . 2 2 Assault 2 | . . . . 2 Garrison 2 | . . . . 2 Intercept . | . . . . . Searches Triggered . | . . . . . Construction Impeded 2 | . . . 1 1 Haulers Reinforced . | . . . . . Active Scanning Responses . | . . . . . Cargo Convoy Interrupts . | . . . . . Stealth | -11 -10 -10 -8 -8 --------- Run | Yrd Mat Sub Mat Sto Distress Signals 6 | . 1 . 2 3 Communications Jammed . | . . . . . Distress Signals . | . . . . . Times Spotted 112 | 1 18 17 43 33 Peak Tracking Total 8 | 1 5 6 6 8 Tactical Retreats 3 | . 2 . 1 . Traps | -11 -10 -10 -8 -8 ------- Run | Yrd Mat Sub Mat Sto Traps Triggered 1 | . . . . 1 Indirectly . | . . . . . Trap Hack Attempts . | . . . . . Triggered . | . . . . . Disarmed 7 | . . . 7 . Reprogrammed 6 | . 6 . . . Reused . | . . . . . Traps Extracted . | . . . . . Installed . | . . . . . Triggered . | . . . . . Machines | -11 -10 -10 -8 -8 ---------- Run | Yrd Mat Sub Mat Sto Machines Disabled 8 | . 2 . 3 3 Max in Single Turn 2 | . 2 . 1 1 Machines Repaired . | . . . . . Machines Dismantled . | . . . . . Machines Sabotaged . | . . . . . Overloaded Fab Kills . | . . . . . Hacking | -11 -10 -10 -8 -8 --------- Run | Yrd Mat Sub Mat Sto Machines Accessed 18 | . 7 . 10 1 Terminals 16 | . 7 . 8 1 Fabricators . | . . . . . Repair Stations 1 | . . . 1 . Recycling Units . | . . . . . Scanalyzers 1 | . . . 1 . Garrison Access . | . . . . . Total Hacks 52 | . 18 . 32 2 Successful 36 | . 13 . 21 2 Failed 16 | . 5 . 11 . Catastrophic 3 | . . . 3 . Database Lockouts . | . . . . . Manual . | . . . . . Terminals 47 | . 18 . 27 2 Fabricators . | . . . . . Repair Stations 3 | . . . 3 . Recycling Units . | . . . . . Scanalyzers 2 | . . . 2 . Garrison Access . | . . . . . Terminal Hacks 32 | . 13 . 17 2 Record 4 | . 2 . 2 . Robot Analysis 1 | . . . 1 . Prototype ID Bank 2 | . 1 . 1 . Branch Access Points 2 | . 1 . 1 . Emergency Access Points 1 | . . . 1 . Alert Level 2 | . 2 . . . Locate Traps 1 | . . . 1 . Disarm Traps 2 | . . . 2 . Reprogram Traps 1 | . 1 . . . Dispatch Records 2 | . 1 . 1 . Maintenance Status 1 | . 1 . . . Security Status 1 | . . . 1 . Transport Status 1 | . 1 . . . Recall Investigation 1 | . . . 1 . Recall Reinforcements 1 | . . . 1 . Hauler Manifests 2 | . 1 . 1 . Registered Components 2 | . 1 . 1 . Registered Prototypes 3 | . 1 . 1 1 Zone Layout 2 | . . . 1 1 Fabricator Hacks . | . . . . . Repair Station Hacks 2 | . . . 2 . Scan Component 1 | . . . 1 . Repair 1 | . . . 1 . Recycling Unit Hacks . | . . . . . Scanalyzer 2 | . . . 2 . Insert Component 1 | . . . 1 . Analyze 1 | . . . 1 . Garrison Access Hacks . | . . . . . Unauthorized Hacks . | . . . . . Terminals . | . . . . . Fabricators . | . . . . . Repair Stations . | . . . . . Recycling Units . | . . . . . Scanalyzers . | . . . . . Garrison Access . | . . . . . Data Cores Recovered 1 | . . . 1 . Used . | . . . . . Hacking Detections 15 | . 7 . 7 1 Full Trace Events 4 | . 1 . 3 . Feedback Events . | . . . . . Feedback Blocked . | . . . . . Robot Schematics Acquired . | . . . . . Robots Built . | . . . . . Authchips . | . . . . . Time . | . . . . . Total Robot Build Rating . | . . . . . Part Schematics Acquired 1 | . . . 1 . Parts Built . | . . . . . Authchips . | . . . . . Time . | . . . . . Total Part Build Rating . | . . . . . Parts Repaired 1 | . . . 1 . Time 44 | . . . 44 . Parts Recycled . | . . . . . Recycled Matter . | . . . . . Retrieved Matter . | . . . . . Retrieved Components . | . . . . . Parts Scanalyzed 1 | . . . 1 . Part Schematics Acquired 1 | . . . 1 . Parts Damaged 1 | . . . 1 . Bothacking | -11 -10 -10 -8 -8 ------------ Run | Yrd Mat Sub Mat Sto Used RIF Installer . | . . . . . Robots Hacked . | . . . . . Non-combat . | . . . . . Combat . | . . . . . Robot Hacks Applied . | . . . . . Relay Couplers Released . | . . . . . Fabnet Peak Effective % . | . . . . . Robots Rewired . | . . . . . Allies Hacked . | . . . . . Hacks Repelled . | . . . . . Allies | -11 -10 -10 -8 -8 -------- Run | Yrd Mat Sub Mat Sto Total Allies 2 | . . . . 2 Largest Group 2 | . . . . 2 Highest-Rated Group 62 | . . . . 62 Highest-Rated Ally 31 | . . . . 31 Total Orders . | . . . . . Ally Attacks 22 | . . . . 22 Total Damage 393 | . . . . 393 Kills 2 | . . . . 2 Allies Corrupted . | . . . . . Allies Melted . | . . . . . Intel | -11 -10 -10 -8 -8 ------- Run | Yrd Mat Sub Mat Sto Robot Analysis Total 1 | . . . 1 . Derelict Logs Recovered . | . . . . . Drone Launches . | . . . . . Drone Recoveries . | . . . . . Exploration | -11 -10 -10 -8 -8 ------------- Run | Yrd Mat Sub Mat Sto Turns Passed 5202 | 233 1032 993 2104 840 Spaces Moved 3348 | 234 1000 947 886 281 Core 35 | 34 . . . 1 Treads . | . . . . . Legs 982 | . . . 702 280 Wheels 2331 | 200 1000 947 184 . Hover . | . . . . . Flight . | . . . . . Fastest Speed 50 | 50 80 80 110 190 Average Speed 126 | 75 88 94 189 213 Slowest Speed 900 | 80 110 110 470 900 Overloaded Moves . | . . . . . Propulsion Burnouts . | . . . . . Robots Hopped . | . . . . . Cave-ins Triggered . | . . . . . Exploration Rate (%) 46 | 7 81 44 63 38 Regions Visited 4 Branch Regions 2 Pre-discovered Areas . | . . . . . Known Exits Taken 1 | . . . 1 . Unknown Exits Taken 3 | 1 1 1 . . Scrap Searched . | . . . . . Spaces Dug . | . . . . . Terrain Destroyed 198 | . 42 94 15 47 Melee . | . . . . . Projectile 3 | . . 2 . 1 AOE 195 | . 42 92 15 46 Terrain Rammed . | . . . . . Walls Destroyed . | . . . . . Machines Disabled . | . . . . . Actions | -11 -10 -10 -8 -8 --------- Run | Yrd Mat Sub Mat Sto Total 3822 | 272 1087 1001 1078 384 Wait . | . . . . . Move 3344 | 233 999 946 885 281 Hop . | . . . . . Pick Up 77 | 16 9 13 29 10 Fast Attach 14 | . 10 . 3 1 Attach 42 | 8 5 5 12 12 Detach 1 | . . 1 . . Swap 27 | 2 2 6 11 6 Drop 42 | 4 17 5 14 2 Fire 270 | 9 45 25 122 69 Melee . | . . . . . Ram 1 | . . . . 1 Kick 4 | . . . 2 2 Crush . | . . . . . Escape Stasis . | . . . . . Rewire . | . . . . . Trap . | . . . . . Miscellaneous . | . . . . . Route ------- -11/Scrapyard -10/Materials (discovered 5 exits: *Mat x3 / *Min / [*Sub]) -10/Subcaves -8/Materials (discovered 3 exits: [*Fac x2] / *Sto) -8/Storage History --------- Turn | Location | Event 2 | -11/Scrapyard | Met Revision 17 64 | -11/Scrapyard | Discovered new exit (range 8) 234 | -11/Scrapyard | Entered Materials 304 | -10/Materials | Build established: Mutant 399 | -10/Materials | Identified exit to Mines 686 | -10/Materials | Discovered new exit (range 15) 877 | -10/Materials | Discovered new exit (range 10) 913 | -10/Materials | Discovered new exit (range 10) 932 | -10/Materials | Identified exit to Materials 1240 | -10/Materials | Discovered new exit (range 13) 1266 | -10/Materials | Entered Subcaves 1291 | -10/Subcaves | Discovered new exit (range 9) 1320 | -10/Subcaves | Ambushed by swarm of Subdwellers 1916 | -10/Subcaves | A Subdweller sparked back to life 1916 | -10/Subcaves | A Subdweller sparked back to life 1916 | -10/Subcaves | A Subdweller sparked back to life 1944 | -10/Subcaves | Ambushed by Subdweller buried in earth 1960 | -10/Subcaves | Lost 4 allies 1974 | -10/Subcaves | Found Prototype Device 2086 | -10/Subcaves | Identified Power Bank 2087 | -10/Subcaves | Attached Power Bank, gained temporary slots: Power x3 2175 | -10/Subcaves | Core integrity fell below 50% 2259 | -10/Subcaves | Entered Materials 2259 | -8/Materials | Evolved 4 slots: Propulsion x1, Utility x3 2457 | -8/Materials | Identified exit to Storage 2901 | -8/Materials | Build established: Scavenger-Mutant 3203 | -8/Materials | Build established: Hacker-Mutant 3341 | -8/Materials | Discovered new exit (range 11) 3726 | -8/Materials | Repaired Mak. Shrapnel Gun 3977 | -8/Materials | Discovered new exit (range 15) 4363 | -8/Materials | Entered Storage 4478 | -8/Storage | Met a pair of Derelict thieves 4624 | -8/Storage | System corruption reached 10% 4639 | -8/Storage | Lost 6 parts (2n3u1w) 4867 | -8/Storage | Core integrity fell below 50% 4901 | -8/Storage | Lost 5 parts (1p1n2u1w) 4970 | -8/Storage | Build established: Scavenger-Mutant 5045 | -8/Storage | Garrison activated, responded to threat 5175 | -8/Storage | Garrison activated, responded to threat 5184 | -8/Storage | Core integrity fell below 20% 5203 | -8/Storage | Destroyed by Y-45 Defender with Heavy Assault Rifle Last Messages --------------- K-01 Serf crushed by falling debris. K-01 Serf system corrupted by crushing effect. K-01 Serf destroyed. The unstable cave ceiling collapses. K-01 Serf collects debris. >U&G%RU2: S-10 Pest destroyed. Critical hit (Burn: +37). Lgt. Nuclear Core destroyed. K-01 Serf destroyed. K-01 Serf collects debris. Enh. Autogun destroyed. K-01 Serf collects debris. Imp. Heat Sink destroyed. OK8CP R85SR70JVL5:%I47PD9 Acquired 19 matter. K-01 Serf collects debris. Map ----- +----------------------------------------------------+ | ?????????????????????????????????????????????????? | | ????????????????????##T#######???????????????????? | | ????????????????? ]] ??????????????????? | | ???????????????# ]= #??????????????????? | | ??????????????? #??????????????????? | | ???????????????? #??????????????????? | | ???????????????? #??????????????????? | | ???????????? ?? ???????????????????? | | ????????????# ##??????????????????? | | ????????????# "" ! ##?????????????????? | | ?????????????? "" * "" #?????????????????? | | ???????????????# """ G"#?????????????????? | | ???????????????# = "" #?????????????????? | | ???????????????# [g # ####???????????????? | | ???????????????# =!%# T #???????????????? | | ???????????????# ! *=[ #???????????????? | | ???????????????+ s #???????????????? | | ???????????????# #???????????????? | | ???????????????# ## s k #???????????????? | | ???????????????# ??# !m #####???????????????? | | ???????????????????# ## # ##?????????????????? | | ???????????????????# # #?????????????????? | | ???????????????????# # # #?????????????????? | | ????????????????? + # ! # #?????????????????? | | ????????????????#### % ####?????????????????? | | ???????????????????# # @= ###??????????????????? | | ???????????????????###### ##???????????????????? | | ????????????????????????# #????????????????????? | | ????????????????????????#k #????????????????????? | | ????????????????????????# Y#????????????????????? | | ????????????????????????# #????????????????????? | | ########????????????????# #????????????????????? | | #! ! !#????????????????# #????????????????????? | | #!! ! #????????????????# #????????????????????? | | # !!#???????????###### ######/###???????????? | | #! #???????????# ?????????? | | ##" "###???????????# ???? | | # T#????????????# ???? | | # ####?########## #######################???? | | ####+###### # #??????# #?????? | | ??#[%%%% %+% % ] # #??????# #?????? | | ### ##### """ ]% # #??????# ###???? | | ## %#???# "?" ""%# #??????# # ???? | | ##=* #???# "?"" " +! #??????# # ???? | | ## *#???# "??" "=# ###############+#+### ???? | | ## #???# """" " # # ???? | | ## #???# """ # % + ???? | | !## #???# # # ???? | | ## ######################+########## # ???? | | ## ## #??????# % # # # ???? | +----------------------------------------------------+ Best States ------------- Heat Dissipation 69 Energy Generation 14 Energy Capacity 465 Matter Stores 400 Matter Capacity 400 Sight Range 16 Robot Scan Range 14 Terrain Scan Range 16 Terrain Scan Density 10 ECM Strength 1 Armor Coverage 800 Resistance: KI 20 Resistance: TH 20 Resistance: EX 20 Resistance: EM 20 Resistance: I 20 Resistance: S 20 Resistance: P 20 Evasion (%) 50 Targeting Accuracy 5 Particle Charging 15 Offensive Hacking 20 Item Schematics ----------------- Sub. Power Source | -8/Materials | Scanalyzed Robot Schematics ------------------ None Fabricated ------------ Nothing Alien Tech Used ----------------- None Achievements -------------- System Compromised Challenges ------------ None Game ------ Seed GuidanceLightningStick Manual? 0 Play Time 01:29:55 Cumulative 5.5 hours Start 2024.05.15 @ 17:37:11 End 2024.05.15 @ 19:12:53 Sessions 1 Manual Loads 0 Difficulty Adventurer Special Mode None Game No. 2 Rogue 0 Adventurer 2 Explorer 0 Win Type - Total 0 Types 0/0/0/0/0/0/0/0/0 Lore% 2 Gallery% 9 Achievement% 10 Wizard Run 0 Options --------- Layout 1 ASCII 0 Keyboard 0 Movement Mouse Keybinds 0 Fullscreen 1 Font 24/Smallcaps Map View 50x35 Zoom Use 0% Tactical HUD 0 Map Filters NONE Filters NONE Steam 1 RUN: 9be95152-a3fd-43d6-954f-c794028aad1e